 Dungeon Crawl Stone Soup version 0.28.0-53-g5a82cb258f (webtiles) character file.

Game seed: 13197255139954027029

5611 Peloso the Carver (level 10, -2/90 HPs)
             Began as a Minotaur Fighter on May 22, 2022.
             Was an Elder of Okawaru.
             Slain by a boulder beetle (49 damage)
             ... on level 6 of the Dungeon.
             The game lasted 00:16:19 (8681 turns).

Peloso the Carver (Minotaur Fighter)                Turns: 8681, Time: 00:16:20

Health: -2/90      AC: 22    Str: 23    XL:     10   Next: 45%
Magic:  10/10      EV:  4    Int:  5    God:    Okawaru [****..]
Gold:   305        SH:  5    Dex: 12    Spells: 9/9 levels left

rFire   . . .      SeeInvis .   a - +0 long sword
rCold   . . .      Faith    .   c - +0 buckler
rNeg    . . .      Spirit   .   r - +0 crystal plate armour
rPois   .          Reflect  .   (helmet restricted)
rElec   .          Harm     .   (no cloak)
rCorr   .          Rampage  .   x - +0 pair of gloves
Will    .....                   (no boots)
Stlth   ..........              (no amulet)
HPRegen 0.25/turn               s - ring of flight
MPRegen 0.12/turn               (no ring)

@: flying
A: horns 2, retaliatory headbutt
a: Renounce Religion, Heroism, Finesse


You were on level 6 of the Dungeon.
You worshipped Okawaru.
Okawaru was greatly pleased with you.
You visited 2 branches of the dungeon, and saw 8 of its levels.
You also visited: Bailey.

You collected 305 gold pieces.

Inventory:

Hand Weapons
 a - a +0 long sword (weapon)
Armour
 b - a +0 scale mail
 c - a +0 buckler (worn)
 r - a +0 crystal plate armour (worn)
 x - a +0 pair of gloves (worn)
Jewellery
 l - an amulet of the acrobat
 m - a ring of wizardry
 s - a ring of flight (left hand)
Scrolls
 f - 2 scrolls of enchant weapon {unknown}
 g - 3 scrolls of noise {unknown}
 h - a scroll of silence {unknown}
 i - 2 scrolls of amnesia {unknown}
 k - 2 scrolls of immolation {unknown}
 o - a scroll of fear {unknown}
 p - a scroll of blinking
 q - 3 scrolls of teleportation {unknown}
 y - 2 scrolls of fog {unknown}
 z - a scroll of magic mapping {unknown}
 A - a scroll of enchant armour {unknown}
Potions
 d - a potion of might
 e - 3 potions of heal wounds
 j - 3 potions of brilliance
 n - 2 potions of mutation {unknown}
 t - 3 potions of flight
 u - 2 potions of resistance
 v - 2 potions of curing
 w - 2 potions of invisibility


   Skills:
 + Level 8.8 Fighting
 + Level 11.6 Long Blades
 + Level 11.1 Armour
 + Level 0.4 Dodging
 + Level 0.2 Stealth
 + Level 7.2 Shields
 + Level 2.1 Invocations


You had 9 spell levels left.
You didn't know any spells.
Your spell library contained the following spells:

 Spells                   Type           Power      Damage    Failure   Level
 Freeze                   Ice            0%         1d3       100%        1
 Frozen Ramparts          Ice            0%         1d2       100%        3
 Ignite Poison            Fire/Tmut/Pois 0%         N/A       100%        3
 Mephitic Cloud           Conj/Pois/Air  0%         N/A       100%        3
 Hailstorm                Conj/Ice       0%         3d3       100%        4
 Petrify                  Tmut/Erth      0%         N/A       100%        4
 Freezing Cloud           Conj/Ice/Air   0%         6-21      100%        5
 Metabolic Englaciation   Hex/Ice        0%         N/A       100%        5
 Statue Form              Tmut/Erth      0%         N/A       100%        6


Dungeon Overview and Level Annotations

Branches:
Dungeon (7/15)             Temple (1/1) D:5          Bailey (visited)

Altars:
Ashenzari
Cheibriados
Fedhas
Gozag
Kikubaaqudgha
Makhleb
Okawaru
Sif Muna
Trog
Uskayaw
Yredelemnul
Zin


Innate Abilities, Weirdness & Mutations

You have a pair of horns on your head.
You reflexively headbutt those who attack you in melee.


Message History

The boulder beetle bites you but does no damage.
You hit the boulder beetle but do no damage.
You headbutt the boulder beetle, but do no damage.
You hit the boulder beetle but do no damage.
You headbutt the boulder beetle, but do no damage.
The boulder beetle waves its antennae.
The boulder beetle barely misses you. You furiously retaliate!
You headbutt the boulder beetle. You hit the boulder beetle.
The boulder beetle is lightly wounded.
The boulder beetle bites you but does no damage.
You hit the boulder beetle.
The boulder beetle is lightly wounded.
The boulder beetle bites you!
The cyclops throws a large rock.
The large rock hits you but does no damage.
You fly upwards.
There is a stone staircase leading down, spattered with blood here.
Unknown command.
You hit the boulder beetle but do no damage.
You headbutt the boulder beetle, but do no damage.
The boulder beetle is lightly wounded.
You block the boulder beetle's attack.
You hit the boulder beetle but do no damage.
The boulder beetle is lightly wounded.
The boulder beetle leaps!
The boulder beetle curls into a ball and begins rolling!
Things that are here:
a +0 troll leather armour; a troll corpse You feel like a meek peon again.
The boulder beetle hits you!!
The boulder beetle stops rolling and uncurls.
You hit the boulder beetle.
The boulder beetle is lightly wounded.
The boulder beetle leaps!
Unknown command.
You aren't carrying any items that you can evoke.
The boulder beetle curls into a ball and begins rolling!
The boulder beetle hits you!!!
Ouch! That really hurt!
You die...

#.##.............................
.................................
.................................
##....(...##.....................
...........####..................
...###......##................#..
##.####....#######............##.
##..##.........B..............###
.##...........○#@.............###
.....#......#°##...........#..##.
#...###.....#.○#...........#.###.
#..........○#°.##.............#..
............°...#.............#..
....................<...#.###)##.
.........[...........#.#####.....
#.......>.............## #..##..
####.....[..........### #......


You could see a boulder beetle (rolling).

Vanquished Creatures
  2 vault guards (Bailey)
  A two-headed ogre (D:6)
  2 trolls (D:6)
  Grinder (D:6)
  A blink frog (Bailey)
  6 humans (Bailey)
  A water moccasin (D:6)
  3 orc warriors
  A necrophage (D:6)
  A phantom (D:6)
  11 bullfrogs
  2 scorpions
  A water moccasin skeleton (D:5)
  3 killer bees (D:7)
  2 jellies (D:6)
  2 orc priests (D:6)
  A bullfrog skeleton (D:5)
  A gnoll shaman (D:5)
  A centaur skeleton (D:6)
  5 iguanas
  2 orc wizards
  A killer bee zombie (D:6)
  A hound zombie (D:5)
  A hound skeleton (D:5)
  11 gnolls
  7 adders
  A howler monkey skeleton (D:4)
  An adder skeleton (D:5)
  A worm (D:4)
  2 dart slugs
  12 orcs
  5 bats
  3 endoplasms
  4 giant cockroaches
  6 goblins
  5 hobgoblins
  4 jackals (D:5)
  6 kobolds
  5 ball pythons
  6 frilled lizards
  3 rats
135 creatures vanquished.

Notes
Turn   | Place    | Note
-------+----------+-------------------------------------------
     0 | D:1      | Peloso the Minotaur Fighter began the quest for the Orb.
     0 | D:1      | Reached XP level 1. HP: 19/19 MP: 0/0
   264 | D:1      | Reached XP level 2. HP: 27/27 MP: 1/1
   827 | D:2      | Reached XP level 3. HP: 22/34 MP: 2/2
  1599 | D:3      | Reached XP level 4. HP: 37/41 MP: 3/3
  1700 | D:3      | Found a faded altar of an unknown god.
  2898 | D:4      | Reached XP level 5. HP: 47/47 MP: 4/4
  2941 | D:4      | Reached skill level 5 in Armour
  3288 | D:5      | Entered Level 5 of the Dungeon
  3360 | D:5      | Reached skill level 5 in Fighting
  3360 | D:5      | Reached XP level 6. HP: 35/56 MP: 5/5
  3895 | D:5      | Reached skill level 5 in Long Blades
  3989 | D:5      | Found a staircase to the Ecumenical Temple.
  4004 | Temple   | Entered the Ecumenical Temple
  4130 | Temple   | Became a worshipper of Warmaster Okawaru
  4370 | D:5      | Found a bloodstained altar of Trog.
  4597 | D:6      | Noticed a two-headed ogre
  4619 | D:5      | Reached XP level 7. HP: 61/61 MP: 6/6
  5287 | D:6      | Reached * piety under Okawaru
  5937 | D:6      | Reached skill level 5 in Shields
  5937 | D:6      | Reached XP level 8. HP: 27/70 MP: 7/7
  6287 | D:6      | Killed a two-headed ogre
  6287 | D:6      | Reached ** piety under Okawaru
  6617 | D:6      | Noticed Grinder
  6635 | D:6      | Killed Grinder
  6636 | D:6      | Reached XP level 9. HP: 69/79 MP: 8/8
  6752 | D:6      | Found a shimmering blue altar of Sif Muna.
  6977 | D:7      | Reached skill level 1 in Invocations
  7010 | D:7      | Found a flagged portal.
  7045 | Bailey   | Entered a bailey
  7191 | Bailey   | Reached *** piety under Okawaru
  7229 | Bailey   | Reached skill level 10 in Armour
  7276 | Bailey   | Noticed a vault guard
  7279 | Bailey   | Reached skill level 10 in Long Blades
  7302 | Bailey   | Killed a vault guard
  7539 | Bailey   | Noticed a vault guard
  7564 | Bailey   | Killed a vault guard
  7564 | Bailey   | Reached **** piety under Okawaru
  7565 | Bailey   | Reached XP level 10. HP: 41/88 MP: 10/10
  8214 | D:7      | Noticed a cyclops
  8215 | D:7      | Noticed a boulder beetle
  8681 | D:6      | Slain by a boulder beetle

Illustrated notes

Levels and vault maps discovered:
D:1:      heliophobic_arrival_dark_side_of_the_moon, layout_loops_ring
D:2:      layout_loops_ring
D:3:      layout_basic, hellmonk_ecumenical_altar_run_dry,
          minmay_tree_intersection, minmay_misc_feat_nine_boxes
D:4:      layout_loops_ring
D:5:      layout_cave_pools, trog_antimagical, minmay_temple_entry_mini_moons,
          serial_park, serial_park_tiny_pond, serial_park_square2,
          grunt_ministairs_8, chequers_serial_rivers_room_a,
          kennysheep_small_spiral, lemuel_old_faithful
D:6:      layout_cave_pools, lemuel_blue_sif_altar, grunt_ministairs_12,
          uniq_grinder
D:7:      layout_rooms, enter_bailey_6, minmay_the_grid_2x2
          [minmay_the_grid_spin_star, minmay_the_grid_diamond_grid,
          minmay_the_grid_box_x, minmay_the_grid_prize_inner_circle],
          uniq_joseph, uniq_prince_ribbit1, uniq_menkaure, uniq_harold
Temple:   mainiacjoe_temple_cubbyholes

Skill      XL: |  1  2  3  4  5  6  7  8  9 10 |
---------------+-------------------------------+-----
Fighting       | 4 5 6 7 8 |  8.8
Armour         | 4 5 6 7 9 10 11 | 11.1
Shields        | 4 5 6 7 |  7.2
Long Blades    | 3 4 5 7 8 11 | 11.6
Invocations    | 1 2 |  2.1
Dodging        | |  0.4
Stealth        | |  0.2

Action                   |  1- 3 |  4- 6 |  7- 9 | 10-12 || total
-------------------------+-------+-------+-------+-------++-------
Melee: Long sword        |    78 |   123 |   238 |   104 ||   543
       Headbutt          |     7 |    21 |    39 |    17 ||    84
Invok: Heroism           |       |       |     6 |     4 ||    10
  Use: Scroll            |     3 |       |     4 |       ||     7
Armor: Scale mail        |    37 |    12 |       |       ||    49
       Crystal plate arm |       |   118 |   192 |    78 ||   388
Dodge: Dodged            |    42 |    32 |    34 |    21 ||   129
Block: Buckler           |    17 |    28 |    64 |    26 ||   135
